 Dungeon Sprint DCSS version 0.15-a0-1968-gb423ccb (webtiles) character file.

2821 BluebellGnoll the Gelid (level 9, -4/45 HPs)
             Began as a Deep Elf Ice Elementalist on July 10, 2014.
             Was the Champion of Sif Muna.
             Engulfed by a fire crab's flame (17 damage)
             ... in the Dungeon (Sprint IX: "|||||||||||||||||||||||||||||").
             The game lasted 00:13:17 (1254 turns).

BluebellGnoll the Gelid (Deep Elf Ice Elementalist) Turns: 1254, Time: 00:13:17

HP  -4/45        AC  3     Str 11      XL: 9   Next: 45%
MP  11/34        EV 17     Int 24      God: Sif Muna [******]
Gold 0           SH  0     Dex 15      Spells: 10 memorised,  1 level left

rFire  . . .     SeeInvis .     m - +4 quarterstaff (speed)
rCold  . . .     Clarity  .     a - +0 robe
rNeg   . . .     rCorr    .     (no shield)
rPois  .         rRot     .     (no helmet)
rElec  .         Spirit   .     o - +0 cloak
SustAb .         Warding  .     (no gloves)
rMut   .         NoTele   +     (no boots)
Gourm  .                        (no amulet)
MR     .....                    q - +3 ring of strength
                                p - +3 ring of strength

@: not resistant to hostile enchantments, unstealthy
A: no striking features
a: Channel Energy, Forget Spell, Renounce Religion


You were in the Dungeon.
You worshipped Sif Muna.
Sif Muna was exalted by your worship.
You were not hungry.

You visited 1 branch

Inventory:

Hand weapons
 m - a +4 quarterstaff of speed (weapon)
 n - a +2 scimitar of flaming
Armour
 a - a +0 robe (worn)
 o - a +0 cloak (worn)
Magical devices
 l - a wand of draining (0)
Comestibles
 c - 2 bread rations
 s - a slice of pizza
 z - a rotting chunk of hound flesh
Scrolls
 i - 3 scrolls of blinking
 j - 3 scrolls of remove curse
 k - 2 scrolls of amnesia
 t - a scroll of identify
 w - 2 scrolls of enchant armour
 x - a scroll of fog
Jewellery
 p - a +3 ring of strength (left hand)
 q - a +3 ring of strength (right hand)
Potions
 d - 7 potions of curing
 e - 5 potions of heal wounds
 f - a potion of invisibility
 g - 4 potions of magic
 h - 2 potions of berserk rage
 r - a potion of haste
Books
 b - a book of Frost

   Spells                             Type                      Level
   *Freeze                            Ice                          1
   *Throw Frost                       Conjuration/Ice              2
   *Ozocubu's Armour                  Charms/Ice                   3
   *Throw Icicle                      Conjuration/Ice              4
   *Summon Ice Beast                  Ice/Summoning                4
   *Condensation Shield               Ice                          4
 u - Sif Muna's Disquisition on Destructive Snow
   (Sif Muna gifted it to you in the Dungeon)

   Spells                             Type                      Level
   *Freeze                            Ice                          1
   *Condensation Shield               Ice                          4
   *Freezing Cloud                    Conjuration/Ice/Air          6
   Glaciate                           Conjuration/Ice              9
 v - Sif Muna's Volume of Summoning and Cold
   (Sif Muna gifted it to you in the Dungeon)

   Spells                             Type                      Level
   *Freeze                            Ice                          1
   *Summon Butterflies                Summoning                    1
   Summon Small Mammal                Summoning                    1
   *Summon Ice Beast                  Ice/Summoning                4
   Ozocubu's Refrigeration            Ice                          6
   Summon Hydra                       Summoning                    7
 y - Sif Muna's Papyrus of Damaging Ice
   (Sif Muna gifted it to you in the Dungeon)

   Spells                             Type                      Level
   *Freeze                            Ice                          1
   *Bolt of Cold                      Conjuration/Ice              6
   *Freezing Cloud                    Conjuration/Ice/Air          6
   *Simulacrum                        Ice/Necromancy               6
 A - Sif Muna's Handbook of the Snowflakes
   (Sif Muna gifted it to you in the Dungeon)

   Spells                             Type                      Level
   *Freeze                            Ice                          1
   Ice Form                           Ice/Transmutation            4
   Glaciate                           Conjuration/Ice              9


   Skills:
 * Level 7.8 Dodging
 - Level 2.4 Stealth
 + Level 15.0 Spellcasting
 * Level 3.2 Conjurations
 - Level 16.8 Ice Magic
 - Level 5.7 Air Magic


You had one spell level left.
You knew the following spells:

 Your Spells              Type           Power        Failure   Level  Hunger
a - Freeze                Ice            ####         0%          1    None
b - Throw Frost           Conj/Ice       ######       1%          2    None
c - Ozocubu's Armour      Chrm/Ice       ######....   1%          3    None
d - Condensation Shield   Ice            #######...   1%          4    None
e - Throw Icicle          Conj/Ice       ######..     1%          4    None
f - Summon Ice Beast      Ice/Summ       ######..     1%          4    None
g - Freezing Cloud        Conj/Ice/Air   ######....   17%         6    ####...
h - Bolt of Cold          Conj/Ice       ######....   10%         6    ####...
i - Summon Butterflies    Summ           ###.....     3%          1    None
j - Simulacrum            Ice/Necr       ######....   17%         6    ####...


Dungeon Overview and Level Annotations

Branches:
Dungeon (1/1)

Altars:
Cheibriados
Dithmenos
Elyvilon
Fedhas
Gozag
Kikubaaqudgha
Makhleb
Nemelex Xobeh
Okawaru
Qazlal
Sif Muna
Trog
Vehumet
Xom
Yredelemnul
Zin
The Shining One
Beogh
Jiyva
Lugonu


Message History

The fire crab breathes flames at you. The blast of flame misses you.
Casting: Throw Icicle
Confirm with . or Enter, or press ? or * to list all spells.
Aiming: Throw Icicle
Press: ? - help, Shift-Dir - straight line, f/p - fire crab
Aim: a fire crab (heavily wounded)
The shard of ice hits the fire crab.
The fire crab is heavily wounded.
You are engulfed in roaring flames.
* * * LOW HITPOINT WARNING * * *
Casting: Throw Icicle
Confirm with . or Enter, or press ? or * to list all spells.
Aiming: Freeze
Press: ? - help, Shift-Dir - straight line, f/p - fire crab
Aim: a fire crab (flame, heavily wounded)
You freeze the fire crab.
The fire crab is severely wounded.
You are engulfed in roaring flames.
You die...

▓▓▓▓▓▓▓▓▓▓▓▓▓▓▓▓▓▓▓▓▓▓▓▓▓▓▓▓▓▓▓▓▓
|).'____________________'§..%.)..
▓▓▓▓▓▓▓▓▓▓▓▓▓▓▓▓▓▓▓▓▓▓▓▓▓▓▓▓▓▓▓▓▓
........§§§§§§§§@t..........%%...
▓▓▓▓▓▓▓▓▓▓▓▓▓▓▓▓▓▓▓▓▓▓▓▓▓▓▓▓▓▓▓▓▓
t......'%......%.'...%.(.....
▓▓▓▓▓▓▓▓▓▓▓▓▓▓▓▓▓▓▓▓▓▓▓▓▓▓▓▓▓


You could see a fire crab.

Vanquished Creatures
  A hydra (D)
  A centaur warrior (D)
  2 basilisks (D)
  3 water moccasins (D)
  A hippogriff (D)
  An orc warrior (D)
  2 sky beasts (D)
  An ogre (D)
  4 giant frogs (D)
  2 porcupines (D)
  2 crimson imps (D)
  A hound (D)
  An iguana (D)
  An adder (D)
  3 orcs (D)
  A giant cockroach (D)
  4 hobgoblins (D)
  A bat (D)
  A giant newt (D)
  2 rats (D)
35 creatures vanquished.

Vanquished Creatures (collateral kills)
  A hippogriff (D)
1 creature vanquished.

Vanquished Creatures (others)
  An ice beast (D)
1 creature vanquished.

Grand Total: 37 creatures vanquished

Notes
Turn   | Place    | Note
--------------------------------------------------------------
     0 | D        | BluebellGnoll, the Deep Elf Ice Elementalist, began the quest for the Orb.
     0 | D        | Reached XP level 1. HP: 10/10 MP: 5/5
     8 | D        | Reached skill level 4 in Spellcasting
    46 | D        | Reached skill level 5 in Spellcasting
   288 | D        | Noticed a crimson imp
   295 | D        | Reached XP level 2. HP: 15/15 MP: 8/11
   299 | D        | Reached skill level 6 in Spellcasting
   304 | D        | Found a glowing silver altar of Zin.
   304 | D        | Found a glowing golden altar of the Shining One.
   304 | D        | Found an ancient bone altar of Kikubaaqudgha.
   304 | D        | Found a basalt altar of Yredelemnul.
   304 | D        | Found a shimmering altar of Xom.
   304 | D        | Found a radiant altar of Vehumet.
   304 | D        | Found an iron altar of Okawaru.
   305 | D        | Found a burning altar of Makhleb.
   306 | D        | Found a deep blue altar of Sif Muna.
   307 | D        | Found a bloodstained altar of Trog.
   308 | D        | Found a sparkling altar of Nemelex Xobeh.
   309 | D        | Found a white marble altar of Elyvilon.
   310 | D        | Found a roughly hewn altar of Beogh.
   311 | D        | Found a viscous altar of Jiyva.
   312 | D        | Found a corrupted altar of Lugonu.
   313 | D        | Found a blossoming altar of Fedhas.
   314 | D        | Found a snail-covered altar of Cheibriados.
   315 | D        | Became a worshipper of Sif Muna the Loreminder
   316 | D        | Found a shadowy altar of Dithmenos.
   317 | D        | Found a stormy altar of Qazlal.
   318 | D        | Found an opulent altar of Gozag.
   361 | D        | Killed a crimson imp
   361 | D        | Acquired Sif Muna's first power
   361 | D        | Reached skill level 7 in Spellcasting
   361 | D        | Reached skill level 5 in Ice Magic
   361 | D        | Reached XP level 3. HP: 6/19 MP: 15/18
   375 | D        | Learned a level 2 spell: Throw Frost
   379 | D        | Learned a level 3 spell: Ozocubu's Armour
   568 | D        | Noticed an ogre
   568 | D        | Noticed a giant frog
   568 | D        | Noticed a giant frog
   572 | D        | Killed a giant frog
   572 | D        | Acquired Sif Muna's second power
   572 | D        | Reached skill level 8 in Ice Magic
   572 | D        | Reached XP level 4. HP: 24/24 MP: 15/20
   584 | D        | Killed a giant frog
   584 | D        | Reached skill level 10 in Ice Magic
   584 | D        | Reached XP level 5. HP: 28/28 MP: 16/22
   586 | D        | Killed an ogre
   586 | D        | Acquired Sif Muna's third power
   586 | D        | Reached skill level 11 in Ice Magic
   627 | D        | Learned a level 4 spell: Condensation Shield
   632 | D        | Learned a level 4 spell: Throw Icicle
   637 | D        | Learned a level 4 spell: Summon Ice Beast
   639 | D        | Noticed a sky beast
   639 | D        | Noticed a crimson imp
   639 | D        | Noticed a sky beast
   639 | D        | Noticed an orc warrior
   639 | D        | Noticed a giant frog
   639 | D        | Noticed a centaur warrior
   644 | D        | Killed a giant frog
   644 | D        | Reached skill level 12 in Ice Magic
   644 | D        | Reached XP level 6. HP: 14/32 MP: 15/25
   645 | D        | Killed a centaur warrior
   645 | D        | Received a gift from Sif Muna
   645 | D        | Reached skill level 13 in Spellcasting
   645 | D        | Reached skill level 14 in Ice Magic
   645 | D        | Reached XP level 7. HP: 15/36 MP: 15/30
   645 | D        | Killed a sky beast
   645 | D        | Received a gift from Sif Muna
   649 | D        | Killed an orc warrior
   649 | D        | Reached XP level 8. HP: 12/41 MP: 13/32
   653 | D        | Killed a sky beast
   654 | D        | Killed a crimson imp
   657 | D        | Identified Sif Muna's Disquisition on Destructive Snow (Sif Muna gifted it to you in the Dungeon)
   657 | D        | Identified Sif Muna's Volume of Summoning and Cold (Sif Muna gifted it to you in the Dungeon)
   875 | D        | Learned a level 6 spell: Freezing Cloud
   988 | D        | Noticed a porcupine
   988 | D        | Noticed a water moccasin
   988 | D        | Noticed a hound
   988 | D        | Noticed a seven-headed hydra
   988 | D        | Noticed a hippogriff
   988 | D        | Noticed a hippogriff
   988 | D        | Noticed a porcupine
   989 | D        | Killed a porcupine
   989 | D        | Reached skill level 1 in Air Magic
   990 | D        | Killed a hippogriff
   991 | D        | Killed a hound
   995 | D        | Noticed a basilisk
   997 | D        | Killed a hippogriff
   997 | D        | Reached skill level 15 in Ice Magic
  1002 | D        | Noticed a water moccasin
  1005 | D        | Killed a seven-headed hydra
  1005 | D        | Received a gift from Sif Muna
  1005 | D        | Reached skill level 5 in Dodging
  1005 | D        | Reached skill level 16 in Ice Magic
  1005 | D        | Reached XP level 9. HP: 45/45 MP: 21/33
  1014 | D        | Killed a water moccasin
  1038 | D        | Killed a porcupine
  1038 | D        | Reached skill level 5 in Air Magic
  1042 | D        | Killed a water moccasin
  1043 | D        | Killed a basilisk
  1078 | D        | Identified Sif Muna's Papyrus of Damaging Ice (Sif Muna gifted it to you in the Dungeon)
  1132 | D        | Learned a level 6 spell: Bolt of Cold
  1134 | D        | Learned a level 1 spell: Summon Butterflies
  1136 | D        | Noticed a crocodile
  1136 | D        | Noticed a giant frog
  1136 | D        | Noticed a fire crab
  1136 | D        | Noticed a basilisk
  1136 | D        | Noticed a water moccasin
  1136 | D        | Noticed an iguana
  1140 | D        | Killed an iguana
  1141 | D        | Killed a water moccasin
  1176 | D        | Learned a level 6 spell: Simulacrum
  1217 | D        | Killed a basilisk
  1217 | D        | Received a gift from Sif Muna
  1218 | D        | Identified Sif Muna's Handbook of the Snowflakes (Sif Muna gifted it to you in the Dungeon)
  1251 | D        | Killed a giant frog
  1251 | D        | Reached skill level 15 in Spellcasting
  1254 | D        | Engulfed by a fire crab's flame

Action                   |  1- 3 |  4- 6 |  7- 9 || total
-------------------------+-------+-------+-------++-------
Melee: Unarmed           |    38 |       |       ||    38
       Quarterstaff      |     6 |       |       ||     6
 Cast: Freeze            |    14 |     5 |    23 ||    42
       Ozocubu's Armour  |       |     1 |     3 ||     4
       Condensation Shie |       |     1 |     3 ||     4
       Throw Frost       |       |     1 |     2 ||     3
       Summon Ice Beast  |       |       |     1 ||     1
       Throw Icicle      |       |       |    15 ||    15
Invok: Channel Energy    |       |     2 |    20 ||    22
Evoke: Wand              |       |     3 |     8 ||    11
  Use: Potion            |     1 |       |       ||     1
       Scroll            |       |       |     1 ||     1
  Eat: Chunk             |       |       |     4 ||     4
